 Dungeon Sprint DCSS version 0.27.1-33-g824d729ab1 (webtiles) character file.

Game seed: 15871307011571406868

2348 manyhoops the Earth Mage (level 9, -2/45 HPs)
             Began as a Deep Elf Earth Elementalist on Dec 2, 2021.
             Was a Believer of Sif Muna.
             Slain by a centaur warrior (13 damage)
             ... in the Dungeon (Sprint I: "Red Sonja").
             The game lasted 00:02:47 (903 turns).

manyhoops the Earth Mage (DEEE)                      Turns: 903, Time: 00:02:47

Health: -2/45      AC:  2    Str:  5    XL:     9   Next: 20%
Magic:  24/24      EV: 13    Int: 24    God:    Sif Muna [**....]
Gold:   646        SH:  0    Dex: 21    Spells: 17/27 levels left

rFire    . . .     SeeInvis .   j - +5 club
rCold    . . .     Faith    .   (no shield)
rNeg     . . .     Spirit   .   b - +0 robe
rPois    .         Reflect  .   (no helmet)
rElec    .         Harm     .   (no cloak)
rCorr    .         Rampage  .   (no gloves)
Will     .....     NoTele   +   (no boots)
Stlth    ++........             (no amulet)
HPRegen  0.15/turn              e - +6 ring of dexterity
MPRegen  0.19/turn              (no ring)

@: no status effects
A: no striking features
a: Renounce Religion, Channel Magic


You were in the Dungeon.
You worshipped Sif Muna.
Sif Muna was pleased with you.
You visited 1 branch You collected 646 gold pieces.

Inventory:

Hand Weapons
 j - a +5 club (weapon)
Missiles
 i - 42 stones
Armour
 b - a +0 robe (worn)
Jewellery
 e - a +6 ring of dexterity (left hand)
Wands
 a - a wand of polymorph (4)
Scrolls
 h - a scroll of blinking
 k - a scroll of fear {unknown}
Potions
 c - a potion of curing
 d - a potion of heal wounds
 f - 2 potions of magic
 g - 2 potions of degeneration {unknown}


   Skills:
 - Level 2.4 Dodging
 - Level 2.4 Stealth
 - Level 9.7 Spellcasting
 * Level 10.5 Conjurations
 - Level 1.1 Transmutations
 + Level 17.8 Earth Magic


You had 17 spell levels left.
You knew the following spells:

 Your Spells              Type           Power      Damage    Failure   Level
a - Sandblast             Erth           100%       2d20      0%          1
b - Passwall              Tmut/Erth      45%        N/A       1%          2
c - Stone Arrow           Conj/Erth      100%       3d13      1%          3
d - Petrify               Tmut/Erth      54%        N/A       1%          4

Your spell library contained the following spells:

 Spells                   Type           Power      Damage    Failure   Level


Dungeon Overview and Level Annotations

Branches:
Dungeon (1/1)

Altars:
Cheibriados
Dithmenos
Elyvilon
Fedhas
Gozag
Hepliaklqana
Kikubaaqudgha
Makhleb
Nemelex Xobeh
Okawaru
Qazlal
Ru
Sif Muna
Trog
Uskayaw
Vehumet
Wu Jian
Xom
Yredelemnul
Zin
The Shining One
Jiyva
Lugonu

Shops:
D =([


Message History

Your base attributes are Str 5, Int 23, Dex 15.
Increase (S)trength, (I)ntelligence, or (D)exterity?
You feel clever.
There is an open door here.
You now have 553 gold pieces (gained 27).
Things that are here:
a +0 troll leather armour; a deep troll corpse You now have 580 gold pieces (gained 27).
You now have 607 gold pieces (gained 27).
You now have 634 gold pieces (gained 27).
You start resting.
Magic restored.
You open the door.
Found 20 stones and 12 gold pieces.
Found Vofyguyna's Armour Emporium.
There is an open door here.
i - 42 stones (gained 20)
There is an entrance to Vofyguyna's Armour Emporium here.
You now have 646 gold pieces (gained 12).
There is an open door here.
Things that are here:
a +0 troll leather armour; a deep troll corpse You open the door.
Found a long sword, a crooked runed staff and 8 bolts.
Found a robe.
There is an open door here.
You see here a staff of cold.
You see here 8 bolts.
You see here a staff of cold.
You see here 8 bolts.
You see here a staff of cold.
As you open the door, it creaks loudly!
You hear a shout! 2 centaur warriors come into view.
Found 21 stones.
The centaur warrior shouts!
The centaur warrior hits you! The centaur warrior kicks you.
The centaur warrior wields a +0 shortbow.
The centaur warrior shoots an arrow.
The arrow hits you!!
* * * LOW HITPOINT WARNING * * *
The centaur warrior hits you!
You die...

#########################
<.#..'..#..'..#__#..)...#
..[..#..').#..'..'..#...#
..#####'#####'#__####...+
..####..#...#.#### §#####
..#__####..##.#§ §§§#
).#_____##'#_.+§§c§§
⌠⌠#_.∩...'..._#§§c§§
###_..__##_.#'##@###
#_____###'#.#[)|(###
###########)####'###.##
∩........'...'[....'.∩#
##++++####...##########
##.## #+#


You could see 2 centaur warriors.

Vanquished Creatures
  Sonja (D)
  A deep troll (D)
  2 kobold demonologists (D)
  A slime creature (D)
  Sigmund (D)
  A yak (D)
  A floating eye (D)
  An ogre (D)
  A jelly (D)
  Ijyb (D)
11 creatures vanquished.

Vanquished Creatures (others)
  A gargoyle (D)
1 creature vanquished.

Grand Total: 12 creatures vanquished

Notes
Turn   | Place    | Note
-------+----------+-------------------------------------------
     0 | D        | manyhoops the Deep Elf Earth Elementalist began the quest
                  | for the Orb.
     0 | D        | Reached XP level 1. HP: 10/10 MP: 6/6
     1 | D        | Noticed Ijyb
     9 | D        | Killed Ijyb
    10 | D        | Reached skill level 5 in Spellcasting
    10 | D        | Reached skill level 6 in Earth Magic
    10 | D        | Reached XP level 2. HP: 15/15 MP: 5/10
   134 | D        | Learned a level 2 spell: Passwall
   134 | D        | Noticed an ogre
   147 | D        | Killed an ogre
   148 | D        | Reached skill level 9 in Earth Magic
   148 | D        | Reached XP level 3. HP: 19/19 MP: 6/13
   148 | D        | Reached XP level 4. HP: 24/24 MP: 6/15
   178 | D        | Learned a level 3 spell: Stone Arrow
   183 | D        | Learned a level 4 spell: Petrify
   193 | D        | Noticed Sigmund
   223 | D        | Killed Sigmund
   224 | D        | Reached skill level 11 in Earth Magic
   224 | D        | Reached XP level 5. HP: 28/28 MP: 10/19
   224 | D        | Reached XP level 6. HP: 32/32 MP: 10/20
   292 | D        | Found an ornate altar of the Wu Jian Council.
   292 | D        | Found a shimmering blue altar of Sif Muna.
   294 | D        | Found a radiant altar of Vehumet.
   297 | D        | Reached skill level 1 in Conjurations
   317 | D        | Found Wuniorua's Antique Weapon Emporium.
   317 | D        | Found an ancient bone altar of Kikubaaqudgha.
   317 | D        | Found a hazy altar of Hepliaklqana.
   317 | D        | Found a hide-covered altar of Uskayaw.
   317 | D        | Found a basalt altar of Yredelemnul.
   317 | D        | Found an opulent altar of Gozag.
   317 | D        | Found a snail-covered altar of Cheibriados.
   317 | D        | Found a sacrificial altar of Ru.
   317 | D        | Found a shadowy altar of Dithmenos.
   317 | D        | Noticed a yak
   321 | D        | Killed a yak
   322 | D        | Reached skill level 12 in Earth Magic
   322 | D        | Found a stormy altar of Qazlal.
   322 | D        | Found a blossoming altar of Fedhas.
   322 | D        | Found a bloodstained altar of Trog.
   322 | D        | Found an iron altar of Okawaru.
   322 | D        | Found a glowing golden altar of the Shining One.
   322 | D        | Found a glowing silver altar of Zin.
   322 | D        | Found a white marble altar of Elyvilon.
   323 | D        | Found a sparkling altar of Nemelex Xobeh.
   358 | D        | Became a worshipper of Sif Muna the Loreminder
   389 | D        | Noticed Sonja
   391 | D        | Killed Sonja
   392 | D        | Reached skill level 15 in Earth Magic
   392 | D        | Reached XP level 7. HP: 19/36 MP: 15/22
   392 | D        | Reached XP level 8. HP: 22/41 MP: 15/23
   631 | D        | Found Bulunt's Jewellery Boutique.
   659 | D        | Found a burning altar of Makhleb.
   659 | D        | Found a viscous altar of Jiyva.
   659 | D        | Found a shimmering altar of Xom.
   659 | D        | Found a corrupted altar of Lugonu.
   659 | D        | Noticed a slime creature
   662 | D        | Killed a slime creature
   723 | D        | Noticed a kobold demonologist
   724 | D        | Noticed a kobold demonologist
   726 | D        | Killed a kobold demonologist
   726 | D        | Reached * piety under Sif Muna
   727 | D        | Reached skill level 16 in Earth Magic
   728 | D        | Killed a kobold demonologist
   728 | D        | Paralysed by a floating eye for 2 turns
   731 | D        | Reached skill level 17 in Earth Magic
   827 | D        | Noticed a deep troll
   830 | D        | Killed a deep troll
   830 | D        | Reached ** piety under Sif Muna
   831 | D        | Reached skill level 10 in Conjurations
   831 | D        | Reached XP level 9. HP: 45/45 MP: 14/24
   879 | D        | Killed a gargoyle
   881 | D        | Found Vofyguyna's Armour Emporium.
   903 | D        | Noticed a centaur warrior
   903 | D        | Noticed a centaur warrior
   903 | D        | Slain by a centaur warrior

Illustrated notes

Levels and vault maps discovered:
D:        dungeon_sprint_1 [red_sonja_temple_1, red_sonja_temple_small_1]

Skill      XL: |  1  2  3  4  5  6  7  8 |
---------------+-------------------------+-----
Spellcasting   | 5 7 9 |  9.7
Earth Magic    | 6 9 11 15 17 | 17.8
Conjurations   | 7 10 | 10.5
Dodging        | |  2.4
Stealth        | |  2.4
Transmutations | |  1.1

Action                   |  1- 3 |  4- 6 |  7- 9 || total
-------------------------+-------+-------+-------++-------
Melee: Unarmed           |     5 |       |       ||     5
 Cast: Sandblast         |     7 |       |     1 ||     8
       Stone Arrow       |       |     9 |    11 ||    20
  Use: Potion            |     2 |       |       ||     2
Armor: Robe              |       |     1 |       ||     1
Dodge: Dodged            |     3 |       |     1 ||     4
